 Dungeon Crawl Stone Soup version 0.29-a0-275-g389c0b56f3 (webtiles) character file.

Game seed: 8993710929656235436

75 spaghetti the Shield-Bearer (level 3, -7/30 HPs)
             Began as a Demigod Fighter on Mar 9, 2022.
             Mangled by Ijyb
             ... wielding a +0 club
              (10 damage)
             ... on level 3 of the Dungeon.
             The game lasted 00:02:25 (1986 turns).

spaghetti the Shield-Bearer (Demigod Fighter)       Turns: 1986, Time: 00:02:25

Health: -7/30      AC: 13    Str: 21    XL:     3   Next: 88%
Magic:  5/5        EV: 13    Int: 10    God:
Gold:   98         SH:  6    Dex: 13    Spells: 2/2 levels left

rFire   + . .      SeeInvis .   a - +1 flail (protect) {mace}
rCold   + . .      Faith    .   c - +1 buckler
rNeg    . . .      Spirit   .   g - +0 scale mail
rPois   +          Reflect  .   (no helmet)
rElec   +          Harm     .   (no cloak)
rCorr   +          Rampage  .   (no gloves)
Will    .....                   (no boots)
Stlth   ..........              (no amulet)
HPRegen 0.10/turn               k - ring of resist corrosion
MPRegen 0.09/turn               l - +4 ring of evasion

@: mighty, resistant, under a protective aura, flying
A: high MP 1, forlorn, divine attributes
a: no special abilities


You were on level 3 of the Dungeon.
You visited 1 branch of the dungeon, and saw 3 of its levels.

You collected 98 gold pieces.


Innate Abilities, Weirdness & Mutations

You have an increased reservoir of magic. (+10% MP)
You shall have no god before yourself.
Your divine heritage dramatically boosts your attributes as you level up.


   Skills:
 - Level 2.6 Fighting
 - Level 1.7 Maces & Flails
 - Level 2.6 Armour
 + Level 4.5 Shields


You had 2 spell levels left.
You didn't know any spells.
Your spell library was empty.

Inventory:

Hand Weapons
 a - a +1 flail of protection (weapon) {mace}
 b - a +0 hunting sling {sling}
   (You found it on level 1 of the Dungeon)
Missiles
 e - 82 stones (quivered) {throwing}
 m - 9 poisoned darts {throwing}
Armour
 c - a +1 buckler (worn)
 g - a +0 scale mail (worn)
Jewellery
 i - a ring of fire
   (You found it on level 1 of the Dungeon)
 k - a ring of resist corrosion (left hand)
   (You found it on level 1 of the Dungeon)
 l - a +4 ring of evasion (right hand)
   (You found it on level 3 of the Dungeon)
Wands
 f - a wand of iceblast (4)
   (You found it on level 3 of the Dungeon)
Scrolls
 o - 2 scrolls of identify {unknown}
Potions
 d - a potion of might
 j - a potion of flight

Dungeon Overview and Level Annotations

Branches:
Dungeon (2/15)

Annotations:
D:3 Ijyb

#.# ..# #.# #.#
### #.## #.# #.##
###### #.## .....#
#)## #.##.# ###.##
#.##.# #.....
#.##g# #....#
#@##.# ####.....
#g##.#####.......#
#..........#####.#
#..#######.# #.#
###..# #.# #..
#....# #[# #<#
#.##.# #.#####.#
#.##.# #.......#
#.##.# #.##.....


You could see Ijyb (strong).


Message History

😕 HP[-1]
You take 1 damage, and now have 29/30 hp.
You sock the endoplasm!
Your weapon exudes an aura of protection.
You kill the endoplasm!
No target in view!
No target in view!
No target in view!
Things that are here:
a +0 hand axe {axe}; a +0 ring mail Key pressed, stopping explore.
No target in view! 😎 HP[+1]
Your hp is fully restored (30).
Found a stone staircase leading up.
No target in view!
A ball python comes into view.
A ball python is nearby!
You closely miss the ball python. The ball python closely misses you.
The ball python grabs you. The ball python constricts you.
You hit the ball python.
Your weapon exudes an aura of protection.
You kill the ball python!
Key pressed, stopping explore.
Key pressed, stopping explore.
An iguana comes into view.
The iguana hisses angrily.
You hit the iguana.
Your weapon exudes an aura of protection.
The iguana closely misses you. You block the iguana's attack.
You hit the iguana. The iguana bites you! 😕 HP[-7]
You take 7 damage, and now have 23/30 hp.
MASSIVE DAMAGE!! (PAUSE)
You hit the iguana. The iguana bites you. 😮 HP[-4]
You take 4 damage, and now have 19/30 hp.
You are too injured to fight recklessly!
You are too injured to fight recklessly!
You are too injured to fight recklessly!
You are too injured to fight recklessly!
You are too injured to fight recklessly!
You are too injured to fight recklessly!
You are too injured to fight recklessly!
You are too injured to fight recklessly!
You are too injured to fight recklessly!
You closely miss the iguana. The iguana bites you.
* * * LOW HITPOINT WARNING * * *
The iguana bites you.
* * * LOW HITPOINT WARNING * * *
😨 HP[-7]
You take 7 damage, and now have 12/30 hp.
MASSIVE DAMAGE!! (PAUSE)
You hit the iguana. The iguana bites you.
* * * LOW HITPOINT WARNING * * *
😨 HP[-4]
You take 4 damage, and now have 8/30 hp.
You sock the iguana!
You kill the iguana!
You start resting. 😎 HP[+22]
Your hp is fully restored (30).
o - 2 scrolls labelled ZOANEC BEDWULY (gained 1)
Found a stone staircase leading down.
There is a stone staircase leading down here.
Ijyb the Twisted Goblin comes into view.
She is wielding a +0 club, wearing a +2 ring mail of fire resistance and carrying a wand of iceblast (7).
Ijyb zaps a wand.
The mass of ice explodes!
The iceblast engulfs you!
Ouch! That really hurt!
* * * LOW HITPOINT WARNING * * *
😨 HP[-16]
You take 16 damage, and now have 14/30 hp.
MASSIVE DAMAGE!! (PAUSE)
Okay, then.
Ijyb zaps a wand.
The mass of ice explodes!
The iceblast engulfs you!
* * * LOW HITPOINT WARNING * * *
😱 HP[-12]
You take 12 damage, and now have 2/30 hp.
MASSIVE DAMAGE!! (PAUSE)
As you read the scroll labelled UCRIOL FISURINI, it crumbles to dust.
It is a scroll of enchant weapon.
Your +0 flail of protection {mace} glows red for a moment.
Okay, then.
It was a potion of flight.
You feel very buoyant.
You fly up into the air.
It was a potion of resistance.
You feel protected.
Okay, then.
You feel very mighty all of a sudden.
Ijyb drinks a potion.
Ijyb seems to grow stronger.
You hit Ijyb.
Your weapon exudes an aura of protection.
You block Ijyb's attack.
You hit Ijyb but do no damage. You block Ijyb's attack.
You sock Ijyb! Ijyb hits you with a +0 club!
You die...

Skill      XL: |  1  2  3 |
---------------+----------+-----
Shields        | 3 4 |  4.5
Fighting       | |  2.6
Maces & Flails | |  1.7
Armour         | |  2.6

Action                   || total
-------------------------++-------
Melee: Flail             ||   108
  Use: Scroll            ||     4
       Potion            ||     3
Armor: Scale mail        ||    54
Dodge: Dodged            ||    42
Block: Buckler           ||    26

Levels and vault maps discovered:
D:1:      amcnicky_arrival_double_pillar, layout_loops_ring,
          minmay_tiny_reverse_x
D:2:      layout_basic, basic_altar, uniq_natasha
D:3:      layout_loops_ring, nemelex_diamond_rough_becter,
          basic_ecumenical_altar, uniq_ijyb

Notes
Turn   | Place    | Note
-------+----------+-------------------------------------------
     0 | D:1      | spaghetti the Demigod Fighter began the quest for the Orb.
     0 | D:1      | Reached XP level 1. HP: 18/18 MP: 3/3
     0 | D:1      | magus.rc [v1.9.6]
   100 | D:1      | Reached skill level 3 in Shields
   405 | D:1      | Reached XP level 2. HP: 22/25 MP: 4/4
  1106 | D:2      | You fall into a shaft and drop 1 floor!
  1334 | D:3      | Reached XP level 3. HP: 29/30 MP: 5/5
  1344 | D:3      | Reached skill level 4 in Shields
  1974 | D:3      | Noticed Ijyb
  1976 | D:3      | HP: 2/30 [Ijyb/iceblast (13)]
  1986 | D:3      | Mangled by Ijyb

Vanquished Creatures
  An iguana (D:3)
  An ufetubus (D:3)
  A dart slug (D:1)
  An orc (D:3)
  5 ball pythons
  5 bats (D:1)
  5 endoplasms
  A giant cockroach (D:1)
  6 hobgoblins
  3 goblins (D:1)
  4 kobolds
  4 rats (D:1)
37 creatures vanquished.

Table legend:
 A = Non-vault XP
 B = Vault XP
 C = Vault XP percentage of total XP
 D = Non-vault monster count
 E = Vault monster count
 F = Vault count percentage of total count
                 A         B        C        D         E       F
            +---------+---------+-------+---------+---------+-------
      Total |     105 |       3 |   2.8 |      35 |       2 |   5.4
            +---------+---------+-------+---------+---------+-------
        D:1 |      36 |       3 |   7.7 |      22 |       2 |   8.3
        D:3 |      69 |       0 |   0.0 |      13 |       0 |   0.0
            +---------+---------+-------+---------+---------+-------

Illustrated notes

Table legend:
 A = Kills in this place as a percentage of kills in entire the game.
 B = Kills by you in this place as a percentage of kills by you in the entire game.
 C = Kills by friends in this place as a percentage of kills by friends in the entire game.
 D = Other kills in this place as a percentage of other kills in the entire game.
 E = Experience gained in this place as a percentage of experience gained in the entire game.
 F = Experience gained in this place divided by the number of levels of this place that you have seen.
                   A       B       C       D       E      F
               +-------+-------+-------+-------+-------+----------------------
         Total | 100.0 | 100.0 |   N/A |   N/A | 100.0 |  36.0
       Dungeon | 100.0 | 100.0 |   N/A |   N/A | 100.0 |  36.0
               +-------+-------+-------+-------+-------+----------------------

Table legend: (Time is in decaauts)
 A = Elapsed time spent in this place.
 B = Non-inter-level travel time spent in this place.
 C = Inter-level travel time spent in this place.
 D = Time resting spent in this place.
 E = Time spent auto-exploring this place.
 F = Levels seen in this place.
 G = Mean time per level.
                   A        B        C        D        E       F      G
               +--------+--------+--------+--------+--------+-----+--------+
         Total |   2022 |   2009 |     13 |    435 |   1273 |   3 |  674.0 |
       Dungeon |   2022 |   2009 |     13 |    435 |   1273 |   3 |  674.0 |
               +--------+--------+--------+--------+--------+-----+--------+

Top non-repeatable levels by time:
     D:1: 1130 daAuts
     D:3: 892 daAuts
